 Dungeon Crawl Stone Soup version 0.31-a0-232-gb1c03b2570 (webtiles) character file.

Game seed: 9442787808287222724

223 qw the Shooter (level 6, 0/35 HPs)
             Began as a Gargoyle Hexslinger on July 6, 2023.
             Slain by a worm (4 damage)
             ... on level 3 of the Dungeon.
             The game lasted 00:00:55 (1801 turns).

qw the Shooter (Gargoyle Hexslinger)                Turns: 1801, Time: 00:00:55

Health: 0/35       AC:  9    Str: 12    XL:     6   Next: 0%
Magic:  7/7        EV: 10    Int: 13    God:
Gold:   139        SH:  0    Dex: 14    Spells: 6/7 levels left

rFire   . . .        Y - +1 sling
rCold   . . .        (no shield)
rNeg    + . .        g - +0 ring mail
rPois   inf          (no helmet)
rElec   +            (no cloak)
rCorr   .            (no gloves)
SInv    .            (no boots)
Will    .....        f - amulet of faith
Stlth   +            (no ring)
HPRegen 0.25/turn    (no ring)
MPRegen 0.10/turn

%: faith
@: no status effects
A: sickness immunity, AC +4, negative energy resistance 1, electricity
resistance, torment resistance 1, petrification resistance
a: no special abilities


You were on level 3 of the Dungeon.
You visited 1 branch of the dungeon, and saw 3 of its levels.

You collected 139 gold pieces.


Innate Abilities, Weirdness & Mutations

You are immune to sickness and miasma.
Your stone body is resilient. (AC +4)
You are immune to poison.
You resist negative energy. (rN+)
You are resistant to electric shocks. (rElec)
You are resistant to unholy torment.
You are immune to petrification.


   Skills:
 + Level 2.0 Fighting
 - Level 5.6 Ranged Weapons
 - Level 1.0 Armour
 - Level 1.5 Dodging
 - Level 1.0 Spellcasting
 - Level 2.6 Hexes


You had 6 spell levels left.
You knew the following spells:

 Your Spells              Type           Power      Damage    Failure   Level
a - Slow                  Hex            28%        N/A       22%         1

Your spell library contained the following spells:

 Spells                   Type           Power      Damage    Failure   Level
 Inner Flame              Hex/Fire       4%         N/A       73%         3
 Portal Projectile        Hex/Tloc       8%         N/A       73%         3
 Cause Fear               Hex            3%         N/A       91%         4

Inventory:

Hand Weapons
 Y - a +1 sling (weapon)
Armour
 g - a +0 ring mail (worn)
Jewellery
 f - an amulet of faith (around neck)
Wands
 c - a wand of digging (7)
Scrolls
 a - a scroll of identify
Potions
 b - a potion of enlightenment {unknown}
 d - a potion of degeneration {unknown}
 e - a potion of brilliance {unknown}
 h - a potion of haste {unknown}
 i - a potion of curing {unknown}

Dungeon Overview and Level Annotations

Branches:
Dungeon (3/15)

Altars:


Message History

You shoot a sling bullet. The sling bullet hits the ogre.
You kill the ogre!
The orc closely misses you.
Your Ranged Weapons skill increases to level 5!
You shoot a sling bullet. The sling bullet hits the orc!
You kill the orc!
You have reached level 6!
You shoot a sling bullet. The sling bullet hits the worm.
The worm is moderately wounded.
The worm misses you.
You shoot a sling bullet. The sling bullet hits the worm.
The worm is moderately wounded.
The worm closely misses you.
You shoot a sling bullet. The sling bullet hits the worm.
The worm is moderately wounded.
You shoot a sling bullet.
The sling bullet barely misses the worm.
The worm bites you!
You shoot a sling bullet.
The sling bullet hits the worm but does no damage.
The worm is moderately wounded.
The worm barely misses you.
You shoot a sling bullet.
The sling bullet hits the worm but does no damage.
The worm is lightly wounded.
The worm bites you but does no damage.
You shoot a sling bullet.
The sling bullet hits the worm but does no damage.
The worm is lightly wounded.
You shoot a sling bullet.
The sling bullet hits the worm but does no damage.
The worm is lightly wounded.
The worm bites you but does no damage.
You shoot a sling bullet. The sling bullet hits the worm.
The worm is heavily wounded.
The worm barely misses you.
You shoot a sling bullet. The sling bullet hits the worm.
The worm is heavily wounded.
The worm bites you.
You die...

#######.#
#######..$.....
......%)w.....#
#@# #.# #.# #.#
#.# #.# #.# #.
#.# ... #.#


You could see a worm.

Vanquished Creatures
  An ogre (D:3)
  3 gnolls (D:3)
  3 adders
  A worm (D:1)
  3 dart slugs
  An orc (D:3)
  2 ball pythons
  4 bats
  7 endoplasms
  4 giant cockroaches
  5 goblins
  7 hobgoblins
  6 jackals
  2 kobolds
  5 quokkas
  2 frilled lizards
  11 rats
67 creatures vanquished.

Notes
Turn   | Place    | Note
-------+----------+-------------------------------------------
     0 | D:1      | qw the Gargoyle Hexslinger began the quest for the Orb.
     0 | D:1      | Reached XP level 1. HP: 12/12 MP: 2/2
     0 | D:1      | 0 ||| qw: Version: 0.3-a-46-gb1f654a
     0 | D:1      | 0 ||| qw: Game counter: 2140
     0 | D:1      | 0 ||| qw: Melee chars always use a shield: true
     0 | D:1      | 0 ||| qw: God list: Okawaru
     0 | D:1      | 0 ||| qw: Allow faded altars: false
     0 | D:1      | 0 ||| qw: Do Orc after clearing Dungeon:15 true
     0 | D:1      | 0 ||| qw: Do second Lair branch before Depths: true
     0 | D:1      | 0 ||| qw: Lair rune preference: random
     0 | D:1      | 0 ||| qw: Goals: Normal
     0 | D:1      | 0 ||| PLANNING D:1-11
    82 | D:1      | Reached XP level 2. HP: 16/16 MP: 3/3
   162 | D:1      | Reached skill level 3 in Ranged Weapons
   164 | D:1      | Found a faded altar of an unknown god.
   512 | D:1      | Reached XP level 3. HP: 21/21 MP: 4/4
   659 | D:1      | 659 ||| UPGRADING to +0 leather armour.
   669 | D:1      | 669 ||| DROPPING +0 robe.
   670 | D:1      | 670 ||| UPGRADING to +0 ring mail.
   680 | D:1      | 680 ||| DROPPING +0 leather armour.
   681 | D:1      | 681 ||| READING 2 scrolls labelled WIXOUV SEHO.
   682 | D:1      | 682 ||| READING scroll labelled KOTSUI KOUNISS.
   683 | D:1      | 683 ||| DROPPING scroll of poison.
   725 | D:2      | 725 ||| STAIRDANCE
   758 | D:2      | 758 ||| STAIRDANCE
   764 | D:1      | HP: 2/21 [worm (6)]
  1011 | D:2      | Reached XP level 4. HP: 24/26 MP: 5/5
  1146 | D:2      | 1146 ||| READING scroll labelled ASKIMOXEWYG.
  1282 | D:2      | Reached skill level 4 in Ranged Weapons
  1307 | D:2      | Reached skill level 1 in Armour
  1501 | D:2      | 1501 ||| UPGRADING to amulet of faith.
  1506 | D:2      | 1506 ||| READING scroll labelled XUFOXO SARCHETIHECW.
  1507 | D:2      | 1507 ||| READING scroll labelled ISUTZAN DOMUNO.
  1566 | D:3      | 1566 ||| STAIRDANCE
  1602 | D:3      | Reached XP level 5. HP: 30/30 MP: 6/6
  1781 | D:3      | Noticed an ogre
  1788 | D:3      | HP: 7/30 [ogre/+0 giant club (5)]
  1790 | D:3      | Killed an ogre
  1791 | D:3      | Reached skill level 5 in Ranged Weapons
  1792 | D:3      | Reached XP level 6. HP: 8/35 MP: 7/7
  1795 | D:3      | HP: 2/35 [worm (7)]
  1801 | D:3      | Slain by a worm

Levels and vault maps discovered:
D:1:      minmay_arrival_glassed_features, layout_loops_ring,
          shapermc_ecumenical_altar_totnotflames
D:2:      layout_rooms, minmay_puff
D:3:      layout_loops_ring, amcnicky_altar_gilded, uniq_robin

Skill      XL: |  1  2  3  4  5 |
---------------+----------------+-----
Ranged Weapons | 3 4 5 |  5.6
Fighting       | 2 |  2.0
Armour         | 1 |  1.0
Dodging        | |  1.5
Spellcasting   | |  1.0
Hexes          | |  2.6

Action                     |  1- 3 |  4- 6 || total
---------------------------+-------+-------++-------
   Fire: Sling             |   112 |   122 ||   234
    Use: Scroll            |     2 |     3 ||     5
 Armour: Robe              |     1 |       ||     1
         Ring mail         |    24 |    52 ||    76
  Dodge: Dodged            |    40 |    66 ||   106

Table legend:
 A = Non-vault XP
 B = Vault XP
 C = Vault XP percentage of total XP
 D = Non-vault monster count
 E = Vault monster count
 F = Vault count percentage of total count
                 A         B        C        D         E       F
            +---------+---------+-------+---------+---------+-------
      Total |     298 |      21 |   6.6 |      62 |       5 |   7.5
            +---------+---------+-------+---------+---------+-------
        D:1 |      60 |       0 |   0.0 |      32 |       0 |   0.0
        D:2 |      39 |      21 |  35.0 |      14 |       5 |  26.3
        D:3 |     199 |       0 |   0.0 |      16 |       0 |   0.0
            +---------+---------+-------+---------+---------+-------
